 Dungeon Crawl Stone Soup version 0.26.0-7-g794d0892b4 (webtiles) character file.

Game seed: 1369341314644163962

9703 lastplaneout the Grappler (level 11, -2/105 HPs)
             Began as a Troll Berserker on Jan 12, 2021.
             Was a High Priest of Trog.
             Slain by a killer bee (5 damage)
             ... on level 9 of the Dungeon.
             The game lasted 00:25:43 (8262 turns).

lastplaneout the Grappler (Troll Berserker)         Turns: 8262, Time: 00:25:43

Health: -2/105     AC: 11    Str: 29    XL:     11   Next: 26%
Magic:  10/10      EV: 13    Int:  3    God:    Trog [*****.]
Gold:   267        SH:  5    Dex: 10    Spells: 10/10 levels left

rFire    . . .     SeeInvis .   N - +3 glaive (vorpal)
rCold    . . .     Faith    .   (shield currently unavailable)
rNeg     . . .     Spirit   .   m - +2 robe {Will+}
rPois    .         Reflect  +   (helmet restricted)
rElec    .         Harm     .   j - +2 cloak
rCorr    .         Rampage  .   (gloves unavailable)
Will     +....                  (boots unavailable)
Stlth    +.........             l - amulet of reflection
HPRegen  0.67/turn              (no ring)
MPRegen  0.12/turn              (no ring)

@: lethally poisoned (-2 -> -3), berserk cooldown, slowed, very slow
A: large, unfitting armour, claws 3, regeneration 1, shaggy fur 1, tough skin 3
a: Renounce Religion, Berserk, Trog's Hand, Brothers in Arms


You were on level 9 of the Dungeon.
You worshipped Trog.
Trog was extremely pleased with you.
You visited 1 branch of the dungeon, and saw 10 of its levels.
You also visited: Ossuary.

You collected 483 gold pieces.
You spent 216 gold pieces at shops.

Inventory:

Hand Weapons
 C - a +9 antimagic spear
 H - a +5 spear of venom
 N - a +3 vorpal glaive (weapon)
Armour
 j - a +2 cloak (worn)
 m - a +2 robe of willpower (worn)
 t - a scarf of shadows
 F - a scarf of repulsion
Jewellery
 l - an amulet of reflection (around neck)
 y - an uncursed ring of fire
 B - an uncursed amulet of guardian spirit
 J - an uncursed ring of flight
Wands
 o - a wand of flame (32)
 r - a wand of iceblast (6)
 D - a wand of acid (5)
 G - a wand of paralysis (12)
 L - a wand of disintegration (6)
Scrolls
 a - a scroll of immolation
 d - 3 scrolls of fog
 h - 2 scrolls of enchant armour
 i - 10 scrolls of teleportation
 k - 9 scrolls of remove curse
 n - 3 scrolls of magic mapping
 q - a scroll of summoning
 s - a scroll of fear
 v - 2 scrolls of identify
 E - a scroll of noise {unknown}
 I - a scroll of blinking
 M - a scroll of enchant weapon
Potions
 b - 4 potions of lignification
 c - 2 potions of attraction
 e - 4 potions of might
 g - 5 potions of curing
 p - 2 potions of haste
 u - a potion of invisibility
 w - a potion of magic {unknown}
 x - 5 potions of flight
 z - 3 potions of degeneration {unknown}
 A - a potion of ambrosia {unknown}
 K - a potion of brilliance {unknown}


   Skills:
 + Level 6.1 Fighting
 + Level 5.8 Polearms
 + Level 8.8 Dodging
 - Level 2.0 Shields
 - Level 11.0 Unarmed Combat


You had 10 spell levels left.
You didn't know any spells.
Your spell library was empty.

Dungeon Overview and Level Annotations

Branches:
Dungeon (10/15)            Temple (0/1) D:7            Lair (0/6) D:8
Ossuary (visited)
    Orc: D:9-12

Altars:
Cheibriados
Gozag
Hepliaklqana
Kikubaaqudgha
Ru
Uskayaw
Vehumet
Xom
Yredelemnul
Zin
The Shining One

Shops:
D:5 ?


Innate Abilities, Weirdness & Mutations

You are too large for most types of armour.
You have claws for hands.
Your natural rate of healing is unusually fast.
You are covered in fur. (AC +1)
You have extremely tough skin. (AC +3)


Message History

The killer bee closely misses you. The killer bee misses you.
The killer bee barely misses you. You block the killer bee's attack.
The killer bee closely misses you.
You feel much better.
The killer bee stings you but does no damage.
The killer bee stings you. The killer bee closely misses you.
The killer bee barely misses you.
You're still recovering from your berserk rage.
You barely miss the killer bee. The killer bee stings you.
* * * LOW HITPOINT WARNING * * *
You block the killer bee's attack. The killer bee misses you.
The killer bee stings you!
* * * LOW HITPOINT WARNING * * *
The killer bee stings you!
* * * LOW HITPOINT WARNING * * *
You are poisoned.
The killer bee poisons you!
The killer bee stings you but does no damage.
The killer bee stings you.
You die...

..####........#......_.......#
.## ##......#######..(#.##..###
.# ######## ##.##.##....## .#
#....##.....# #################
#.#####......
................#####.#####......
#################................
# ##.#####.......... # #@y#
##.......†. # ##.## ##>......# #
#..# #......... # #####.##
#......... #### #......#
#......... ...# #......#
#........< ...# #......#
#......... ...########.....<#
##.......# .................#
##.....##


You could see a killer bee (berserk).

Vanquished Creatures
  Harold (D:9)
  2 two-headed ogres
  A troll (D:10)
  A queen bee (D:9)
  Grinder (D:5)
  Prince Ribbit (D:5)
  4 yaks (D:9)
  Menkaure (D:7)
  2 water moccasins
  Duvessa (D:5)
  A hornet zombie (Ossuary)
  5 orc warriors
  2 sky beasts
  2 necrophages
  2 black bears
  4 ice beasts
  3 ogres
  7 centaurs
  3 bullfrogs
  A gnoll sergeant (D:7)
  Dowan (D:5)
  A water moccasin skeleton (D:10)
  4 scorpions
  10 killer bees
  4 howler monkeys
  5 centaur zombies
  2 quasits
  4 jellies
  2 orc priests
  4 bullfrog zombies
  3 centaur skeletons
  3 hounds
  A gnoll shaman (D:8)
  Crazy Yiuf (D:5)
  A bullfrog skeleton (D:7)
  14 mummies (Ossuary)
  11 worker ants
  4 iguanas
  6 orc wizards
  2 killer bee zombies (Ossuary)
  4 hound skeletons
  2 howler monkey zombies
  5 worker ant zombies
  16 gnolls
  16 adders
  A shadow imp (D:8)
  2 white imps
  2 ufetubi (D:5)
  5 adder zombies
  2 worms
  4 dart slugs
  5 leopard geckos
  29 orcs
  2 ball pythons
  6 bats
  3 giant cockroaches
  8 goblins
  8 hobgoblins
  5 jackals
  8 kobolds
  6 quokkas
  12 frilled lizards
  A goblin skeleton (D:8)
  4 goblin zombies (D:8)
  4 hobgoblin zombies (D:8)
  2 jackal zombies
  A kobold zombie (D:8)
  3 orc skeletons (D:8)
  3 rats
  A bush (D:5)
298 creatures vanquished.

Vanquished Creatures (others)
  22 plants
  5 withered plants (Ossuary)
27 creatures vanquished.

Grand Total: 325 creatures vanquished

Notes
Turn   | Place    | Note
-------+----------+-------------------------------------------
     0 | D:1      | lastplaneout the Troll Berserker began the quest for the
                  | Orb.
     0 | D:1      | Reached XP level 1. HP: 22/22 MP: 0/0
   196 | D:1      | Reached XP level 2. HP: 25/29 MP: 1/1
   450 | D:1      | Reached skill level 4 in Unarmed Combat
   457 | D:1      | Reached ** piety under Trog
   629 | D:2      | Reached XP level 3. HP: 31/36 MP: 2/2
   716 | D:2      | Reached XP level 4. HP: 44/44 MP: 3/3
   721 | D:2      | Reached skill level 5 in Unarmed Combat
  1344 | D:3      | Reached XP level 5. HP: 44/50 MP: 4/4
  1433 | D:3      | Reached skill level 6 in Unarmed Combat
  1497 | D:3      | Reached *** piety under Trog
  1989 | D:4      | Reached XP level 6. HP: 49/59 MP: 5/5
  2083 | D:4      | Reached skill level 7 in Unarmed Combat
  2293 | D:4      | Found a radiant altar of Vehumet.
  2667 | D:5      | Entered Level 5 of the Dungeon
  2687 | D:5      | Noticed Grinder
  2694 | D:5      | Killed Grinder
  2695 | D:5      | Reached skill level 8 in Unarmed Combat
  2695 | D:5      | Reached XP level 7. HP: 38/66 MP: 6/6
  2700 | D:5      | Noticed Prince Ribbit
  2704 | D:5      | Found a shimmering altar of Xom.
  2710 | D:5      | Killed Prince Ribbit
  2711 | D:5      | Reached skill level 9 in Unarmed Combat
  2711 | D:5      | Reached XP level 8. HP: 21/74 MP: 7/7
  2767 | D:5      | Reached skill level 1 in Shields
  2767 | D:5      | Reached skill level 10 in Unarmed Combat
  2846 | D:5      | Reached **** piety under Trog
  2983 | D:5      | Found a sand-covered staircase.
  2985 | D:5      | Noticed Duvessa
  2986 | D:5      | Noticed Dowan
  2990 | Ossuary  | Entered an ossuary
  3184 | Ossuary  | Reached skill level 11 in Unarmed Combat
  3402 | D:5      | Killed Dowan
  3403 | D:5      | Reached XP level 9. HP: 76/80 MP: 8/8
  3409 | D:5      | Killed Duvessa
  3428 | D:5      | Found Lyseps's Magic Scroll Shop.
  3457 | D:5      | Bought a scroll of summoning for 114 gold pieces
  3457 | D:5      | Bought a scroll of magic mapping for 42 gold pieces
  3457 | D:5      | Bought a scroll of teleportation for 36 gold pieces
  3457 | D:5      | Bought a scroll of identify for 24 gold pieces
  3801 | D:5      | Found a runed translucent door.
  3802 | D:5      | Noticed Crazy Yiuf
  3811 | D:5      | Killed Crazy Yiuf
  3994 | D:6      | Reached skill level 5 in Dodging
  4009 | D:6      | Found an ancient bone altar of Kikubaaqudgha.
  4161 | D:6      | Found a radiant altar of Vehumet.
  4164 | D:6      | Found a shimmering altar of Xom.
  4172 | D:6      | Found a sacrificial altar of Ru.
  4660 | D:7      | Reached ***** piety under Trog
  4823 | D:7      | Found a staircase to the Ecumenical Temple.
  5054 | D:7      | Found a glowing silver altar of Zin.
  5055 | D:7      | Found an opulent altar of Gozag.
  5148 | D:7      | Reached XP level 10. HP: 63/94 MP: 9/9
  5403 | D:7      | Noticed Menkaure
  5414 | D:7      | Killed Menkaure
  5728 | D:8      | Reached skill level 1 in Polearms
  6016 | D:8      | Received a gift from Trog
  6085 | D:8      | Noticed a two-headed ogre
  6100 | D:8      | Killed a two-headed ogre
  6101 | D:8      | Reached skill level 5 in Fighting
  6280 | D:8      | Found a glowing golden altar of the Shining One.
  6360 | D:8      | Found a basalt altar of Yredelemnul.
  6773 | D:8      | Found a staircase to the Lair.
  7031 | D:9      | Noticed a two-headed ogre
  7038 | D:9      | Killed a two-headed ogre
  7321 | D:9      | Noticed Harold
  7359 | D:9      | Killed Harold
  7360 | D:9      | Reached skill level 5 in Polearms
  7360 | D:9      | Reached XP level 11. HP: 73/105 MP: 3/10
  7383 | D:9      | Found a hazy altar of Hepliaklqana.
  7392 | D:9      | Found a hide-covered altar of Uskayaw.
  7462 | D:9      | Found a snail-covered altar of Cheibriados.
  7743 | D:10     | Entered Level 10 of the Dungeon
  7935 | D:10     | HP: 7/157 [troll (15)]
  8096 | D:10     | Found a glowing golden altar of the Shining One.
  8154 | D:9      | Received a gift from Trog
  8257 | D:9      | HP: 1/105 [killer bee (5)]
  8262 | D:9      | HP: 3/105 [killer bee (14)]
  8262 | D:9      | Slain by a killer bee

Illustrated notes

Levels and vault maps discovered:
D:1:      dpeg_arrival_tiny_i, layout_basic, serial_forest,
          infiniplex_forest_corner_2, infiniplex_forest_3_way,
          infiniplex_forest_lined_room_3, infiniplex_forest_corner_2,
          infiniplex_forest_clump_small, infiniplex_forest_clump_medium,
          infiniplex_forest_clump_double
D:2:      layout_basic, minmay_misc_feat_square, minmay_circle_x
D:3:      kb_forest_paths, layout_loops_ring, old_standard_altar
D:4:      layout_loops_corners, vehumet_altar_wand_db
D:5:      layout_cave_pools, nicolae_ossuary_entry_ruins, serial_bayou,
          serial_bayou_lake_a, serial_bayou_pond_d, serial_bayou_shore_a,
          serial_bayou_lagoon_a, serial_shops, nicolae_shop_crystal,
          xom_teletrap_fun, uniq_crazy_yiuf_cottage, uniq_prince_ribbit1,
          uniq_duvessa, uniq_grinder
D:6:      layout_basic, kiku_gazebo_pond_becter, minitemple
D:7:      layout_rooms, grunt_temple_overflow_gold_and_silver,
          minmay_temple_entry_slanted, uniq_menkaure
D:8:      minmay_klotski, layout_basic, nicolae_overflow_hidden_temple,
          nicolae_tso_besieged_by_evil, lair_entry_dummy
D:9:      layout_rooms, kennysheep_mini, nicolae_overflow_crystal_walls,
          basic_altar, uniq_harold
D:10:     layout_cave_pools, basic_altar, nicolae_looking_at_the_future

Skill      XL: |  1  2  3  4  5  6  7  8  9 10 11 |
---------------+----------------------------------+-----
Unarmed Combat | 4 5 6 8 9 11 | 11.0
Shields        | 2 |  2.0
Dodging        | 3 7 8 |  8.8
Fighting       | 4 5 6 |  6.1
Polearms       | 5 |  5.8

Action                   |  1- 3 |  4- 6 |  7- 9 | 10-12 || total
-------------------------+-------+-------+-------+-------++-------
Melee: Unarmed           |    85 |   152 |   297 |    15 ||   549
       Punch             |       |     3 |    18 |    21 ||    42
       Spear             |       |       |       |   378 ||   378
       Glaive            |       |       |       |    11 ||    11
Invok: Berserk           |       |       |       |     4 ||     4
  Use: Scroll            |       |     4 |     6 |    10 ||    20
       Potion            |       |       |       |     4 ||     4
 Stab: Sleeping          |     1 |       |     1 |       ||     2
Armor: Animal skin       |    32 |    18 |       |       ||    50
       Robe              |       |    35 |    82 |   182 ||   299
Dodge: Dodged            |    42 |    79 |   126 |   304 ||   551
Block: Other             |       |     9 |    87 |   113 ||   209
       Reflection        |       |       |    14 |     5 ||    19
